 Dungeon Crawl Stone Soup version 0.22-a0-3-g4fa69d9 (webtiles) character file.

6766 KristoblXynda the Covert (level 10, -1/46 HPs)
             Began as a Spriggan Skald on Jan 1, 2018.
             Was a Believer of Ashenzari.
             Slain by a killer bee (9 damage)
             ... on level 10 of the Dungeon.
             The game lasted 00:34:26 (12528 turns).

KristoblXynda the Covert (Spriggan Skald)          Turns: 12528, Time: 00:34:26

Health: -1/46      AC:  3    Str:  8    XL:     10   Next: 76%
Magic:  21/25      EV: 24    Int: 16    God:    Ashenzari [**....]
Gold:   714        SH:  0    Dex: 17    Spells: 15/29 levels left

rFire    . . .     SeeInvis +   j - +3 short sword (venom)
rCold    . . .     Gourm    .   (shield restricted)
rNeg     . . .     Faith    .   l - +1 robe {MR+}
rPois    .         Spirit   .   (helmet restricted)
rElec    .         Reflect  .   (no cloak)
rCorr    .         Harm     .   (gloves unavailable)
MR       ++...                  (boots unavailable)
Stlth    +++++.....             (no amulet)
HPRegen  1.15/turn              a - +3 ring of slaying (curse)
MPRegen  0.19/turn              (no ring)

@: regenerating, very quick
A: very small, unfitting armour, see invisible, herbivore, speed 3, slow
metabolism 2
a: Curse Item, Scrying, Renounce Religion


You were on level 10 of the Dungeon.
You worshipped Ashenzari.
Ashenzari was pleased with you.
You were hungry.

You visited 1 branch of the dungeon, and saw 10 of its levels.
You also visited: Ossuary.

You collected 714 gold pieces.

Inventory:

Hand Weapons
 j - a +3 short sword of venom (weapon)
 p - a +2 dagger of freezing
 u - a +1 rapier of venom
Missiles
 C - a throwing net (quivered)
Armour
 l - a +1 robe of magic resistance (worn)
 B - a cursed +0 buckler
Jewellery
 a - a cursed +3 ring of slaying (left hand)
Wands
 n - a wand of iceblast (4)
 s - a wand of paralysis (1)
 H - a wand of acid (4)
Scrolls
 f - 9 scrolls of remove curse
 k - 10 scrolls of teleportation
 q - 4 scrolls of fog
 r - 2 scrolls of immolation
 x - a scroll of amnesia
 A - 2 scrolls of enchant armour
 D - 2 scrolls of magic mapping
 E - a scroll of blinking
Potions
 b - 2 potions of might
 e - 5 potions of curing
 g - a potion of haste
 h - 2 potions of flight
 i - a potion of lignification
 m - 3 potions of resistance
 t - 4 potions of brilliance
 w - 2 potions of agility
 z - a potion of invisibility {unknown}
 G - a potion of cancellation
 J - a potion of mutation {unknown}
Books
 c - a book of Battle

   Spells                             Type                      Level
   a - Infusion                       Charms                       1
   b - Shroud of Golubria             Charms/Translocation         2
   c - Song of Slaying                Charms                       2
   d - Spectral Weapon                Hexes/Charms                 3
   e - Regeneration                   Charms/Necromancy            3
 o - a book of Party Tricks

   Spells                             Type                      Level
   a - Summon Butterflies             Summoning                    1
   b - Apportation                    Translocation                1
   c - Lesser Beckoning               Translocation                3
   d - Tukima's Dance                 Hexes                        3
   e - Alistair's Intoxication        Transmutation/Poison         5
   f - Invisibility                   Hexes                        6
 v - a book of Cantrips

   Spells                             Type                      Level
   a - Confusing Touch                Hexes                        1
   b - Animate Skeleton               Necromancy                   1
   c - Summon Small Mammal            Summoning                    1
   d - Apportation                    Translocation                1
 y - a book of Necromancy

   Spells                             Type                      Level
   a - Pain                           Necromancy                   1
   b - Animate Skeleton               Necromancy                   1
   c - Vampiric Draining              Necromancy                   3
   d - Regeneration                   Charms/Necromancy            3
   e - Animate Dead                   Necromancy                   4
   f - Borgnjor's Vile Clutch         Necromancy/Earth             5
 F - a book of Clouds

   Spells                             Type                      Level
   a - Poisonous Vapours              Poison/Air                   2
   b - Mephitic Cloud                 Conjuration/Poison/Air       3
   c - Conjure Flame                  Conjuration/Fire             3
   d - Freezing Cloud                 Conjuration/Ice/Air          6
   e - Ring of Flames                 Charms/Fire                  7
Miscellaneous
 I - a box of beasts
Comestibles
 d - 14 rations


   Skills:
 - Level 1.5 Fighting
 + Level 9.2 Short Blades
 + Level 8.3 Dodging
 - Level 10.3 Stealth
 + Level 10.0 Spellcasting
 - Level 10.0 Charms
 + Level 6.8 Evocations


You had 15 spell levels left.
You knew the following spells:

 Your Spells              Type           Power        Failure   Level  Hunger
a - Poisonous Vapours     Pois/Air       #.....       14%         2    None
b - Regeneration          Chrm/Necr      ###.......   3%          3    None
c - Spectral Weapon       Hex/Chrm       ###.....     3%          3    None
d - Freezing Cloud        Conj/Ice/Air   #.........   100%        6    ######.


Dungeon Overview and Level Annotations

Branches:
Dungeon (10/15)            Temple (0/1) D:5            Lair (0/6) D:10
    Orc: D:9-12

Altars:
Ashenzari
Fedhas
Kikubaaqudgha
Makhleb
Ru
Sif Muna
Trog
Vehumet
The Shining One

Shops:
D:10 *


Innate Abilities, Weirdness & Mutations

You are very small and have problems with some larger weapons.
You are too small for most types of armour.
You have supernaturally acute eyesight. (SInv)
You are a herbivore.
You cover ground extremely quickly.
You need consume almost no food.


Message History

* * * LOW HITPOINT WARNING * * *
The killer bee completely misses you.
Casting: Regeneration
Confirm with . or Enter, or press ? or * to list all spells.
Your skin crawls.
You kill the killer bee!
The killer bee misses you. The killer bee closely misses you.
The killer bee stings you!
* * * LOW HITPOINT WARNING * * *
Okay, then.
Evoke which item? (* to show all) (? for menu, Esc to quit)
Aiming: Paralyse
Press: ? - help, Shift-Dir - straight line, f/p - killer bee
Aim: a killer bee (chance to defeat MR: 73%)
The killer bee struggles to resist.
The killer bee completely misses you. The killer bee misses you.
You hit the killer bee.
The killer bee is poisoned.
The killer bee is lightly wounded.
The killer bee stings you!
You die...

#...........y........#.....#...
#....................'.....#...
#.........y..........#.....#...
#.....∩...{..........#.....#...
####.....###################...
#..(...............†.†.........
#..............................
#............†.................
#.............@y...............
#..............................
###############################
, , , , , , , ,, , , , , * ,
,,, , , , , , ,, , , , , , ,


You could see a killer bee.

Vanquished Creatures
  A troll (D:9)
  A hornet (D:7)
  A hippogriff (D:10)
  2 wyverns
  A spriggan (D:7)
  3 yaks
  A hungry ghost (D:10)
  3 orc warriors
  An ogre (D:5)
  A sky beast (D:5)
  A phantom (D:6)
  An eye of draining (D:9)
  4 ice beasts
  A black bear (D:8)
  2 centaurs
  A crocodile (D:8)
  3 big kobolds (D:9)
  The ghost of OnekoMk1 the Gusty, an amateur DEAE (D:4)
  4 bullfrogs
  An elf zombie (Ossuary)
  A gnoll sergeant (D:6)
  10 killer bees
  2 scorpions
  4 wights (D:9)
  2 vampire bats (D:7)
  2 howler monkeys
  3 crimson imps
  A bullfrog zombie (D:9)
  A quasit (D:8)
  A centaur zombie (D:9)
  4 jellies
  6 hounds
  4 orc priests
  2 centaur skeletons
  4 gnoll shamans (D:6)
  12 orc wizards
  Jessica (D:3)
  2 iguanas
  Natasha (thrice) (D:2)
  9 worker ants
  2 big kobold zombies (Ossuary)
  2 hound skeletons
  A hound zombie (D:7)
  4 mummies (Ossuary)
  Robin (D:2)
  36 gnolls (D:6)
  11 adders
  A howler monkey skeleton (D:10)
  3 shadow imps
  3 oozes
  2 adder zombies (Ossuary)
  An adder skeleton (D:5)
  3 dart slugs (D:1)
  5 leopard geckos
  42 orcs
  3 ball pythons
  5 bats
  A bat skeleton (D:7)
  5 bat zombies (D:7)
  3 giant cockroaches
  2 gnoll zombies (Ossuary)
  14 goblins
  12 hobgoblins
  20 jackals
  21 kobolds
  6 quokkas
  7 frilled lizards
  A goblin zombie (Ossuary)
  3 jackal zombies (Ossuary)
  A kobold zombie (Ossuary)
  A leopard gecko skeleton (D:6)
  A leopard gecko zombie (D:6)
  A quokka skeleton (D:6)
  A quokka zombie (D:5)
  8 rats
341 creatures vanquished.

Notes
Turn   | Place    | Note
-------+----------+-------------------------------------------
     0 | D:1      | KristoblXynda the Spriggan Skald began the quest for the Orb.
     0 | D:1      | Reached XP level 1. HP: 10/10 MP: 5/5
   340 | D:1      | Reached XP level 2. HP: 14/14 MP: 1/7
   856 | D:1      | Reached XP level 3. HP: 18/18 MP: 8/8
   861 | D:1      | Learned a level 3 spell: Regeneration
   865 | D:1      | Learned a level 3 spell: Spectral Weapon
  1124 | D:2      | Reached skill level 5 in Charms
  1313 | D:2      | Reached skill level 1 in Stealth
  1378 | D:2      | Reached XP level 4. HP: 12/22 MP: 10/10
  1633 | D:2      | Noticed Robin
  1685 | D:2      | Killed Robin
  1883 | D:2      | Found a blossoming altar of Fedhas.
  1888 | D:2      | Found a sacrificial altar of Ru.
  1888 | D:2      | Found a bloodstained altar of Trog.
  1890 | D:2      | Noticed Natasha
  1900 | D:2      | Killed Natasha
  1936 | D:2      | Noticed Natasha
  1959 | D:2      | Killed Natasha
  1959 | D:2      | Reached XP level 5. HP: 8/25 MP: 7/11
  2295 | D:2      | Noticed Natasha
  2313 | D:2      | Killed Natasha
  2313 | D:2      | Reached skill level 5 in Dodging
  2420 | D:3      | Noticed Jessica
  2424 | D:3      | Killed Jessica
  2900 | D:3      | Reached XP level 6. HP: 15/30 MP: 13/13
  3335 | D:4      | Found a sand-covered staircase.
  3342 | Ossuary  | Entered an ossuary
  3725 | Ossuary  | Reached XP level 7. HP: 33/33 MP: 15/15
  3794 | D:4      | Reached skill level 5 in Spellcasting
  4023 | D:4      | Noticed OnekoMk1's ghost (amateur DEAE)
  4050 | D:4      | Killed OnekoMk1's ghost
  4050 | D:4      | Reached skill level 5 in Stealth
  4713 | D:4      | Found a deep blue altar of Sif Muna.
  4765 | D:5      | Entered Level 5 of the Dungeon
  4804 | D:5      | Reached skill level 5 in Short Blades
  5013 | D:5      | Found a shattered altar of Ashenzari.
  5022 | D:5      | Became a worshipper of Ashenzari the Shackled
  5074 | D:5      | Found a glowing golden altar of the Shining One.
  5155 | D:5      | Found a staircase to the Ecumenical Temple.
  5224 | D:5      | Reached XP level 8. HP: 37/37 MP: 17/17
  6770 | D:6      | Reached XP level 9. HP: 41/41 MP: 19/21
  7661 | D:6      | Reached skill level 10 in Charms
  8223 | D:6      | Reached skill level 1 in Evocations
  8973 | D:7      | Reached * piety under Ashenzari
  8990 | D:7      | Found an ancient bone altar of Kikubaaqudgha.
  9209 | D:7      | Learned a level 2 spell: Poisonous Vapours
  9216 | D:7      | Learned a level 6 spell: Freezing Cloud
  9350 | D:7      | Reached skill level 10 in Stealth
  9924 | D:8      | Reached XP level 10. HP: 46/46 MP: 23/23
 10602 | D:9      | Reached skill level 5 in Evocations
 11625 | D:9      | Found a burning altar of Makhleb.
 11626 | D:9      | Found a radiant altar of Vehumet.
 11677 | D:10     | Entered Level 10 of the Dungeon
 11930 | D:10     | Found a staircase to the Lair.
 11930 | D:10     | Noticed an elephant
 12336 | D:10     | Reached ** piety under Ashenzari
 12402 | D:10     | Reached skill level 10 in Spellcasting
 12429 | D:10     | Found Fgaixasa's Fabulous Fripperies.
 12528 | D:10     | Slain by a killer bee

Vault maps used:
D:1:      mrwooster_arrival_statue, hangedman_decor_points, minmay_liquid_box
D:2:      wad_pebble_path, grunt_temple_overflow_open, first_ration, uniq_robin,
          uniq_natasha
D:3:      serial_glass, glass_columns_b, glass_columns_a, uniq_jessica
D:4:      lightli_ossuary_entry_decrepit_ruins, lemuel_blue_sif_altar
D:5:      marbit_many_paths, minmay_temple_entry_from_below_b, ashenzari_altar_1
D:6:      lemuel_castle_with_subvaults
D:7:      kennysheep_vampire_church, the_bakery
D:8:      minmay_lizard_king
D:9:      grunt_temple_overflow_lords_of_destruction
D:10:     david_lair_generic, hiddenorc1_lemuel, nicolae_alphabet_shops
Ossuary:  ossuary_minmay_tomb_2a

Skill      XL: |  1  2  3  4  5  6  7  8  9 10 |
---------------+-------------------------------+-----
Spellcasting   | 3 4 5 7 8 10 | 10.0
Dodging        | 4 5 8 |  8.3
Charms         | 5 6 7 9 10 | 10.0
Stealth        | 1 2 3 4 6 8 10 | 10.3
Short Blades   | 3 4 5 6 8 9 |  9.2
Evocations     | 4 6 |  6.8
Fighting       | |  1.5

Action                   |  1- 3 |  4- 6 |  7- 9 | 10-12 || total
-------------------------+-------+-------+-------+-------++-------
Melee: Dagger            |    82 |   117 |    43 |       ||   242
       Short sword       |    24 |   127 |   482 |   249 ||   882
 Cast: Infusion          |     9 |       |       |       ||     9
       Regeneration      |       |     8 |    17 |     8 ||    33
Invok: Curse Item        |       |       |     1 |       ||     1
Evoke: Wand              |       |     4 |     5 |    10 ||    19
  Use: Scroll            |       |    11 |     8 |     1 ||    20
       Potion            |       |       |     2 |     1 ||     3
 Stab: Sleeping          |     5 |     7 |    24 |    18 ||    54
       Distracted        |       |     2 |     2 |       ||     4
       Paralysed         |       |     2 |     2 |     3 ||     7
  Eat: Ration            |       |     1 |     4 |     2 ||     7
Armor: Robe              |     3 |     9 |    28 |    12 ||    52
Dodge: Dodged            |    76 |   201 |   438 |   234 ||   949

Table legend:
 A = Spawn XP
 B = Non-spawn XP
 C = Spawn XP percentage of total XP
 D = Spawn monster count
 E = Non-spawn monster count
 F = Spawn count percentage of total count
 G = Total turns spent on level
                    A         B        C        D         E        F      G
               +---------+---------+-------+---------+---------+-------+---------
         Total |       0 |    9666 |   0.0 |       0 |     341 |   0.0 | 12528
               +---------+---------+-------+---------+---------+-------+---------
           D:1 |       0 |      51 |   0.0 |       0 |      23 |   0.0 |  1091
           D:2 |       0 |     214 |   0.0 |       0 |      36 |   0.0 |  1329
           D:3 |       0 |     177 |   0.0 |       0 |      27 |   0.0 |   877
           D:4 |       0 |     456 |   0.0 |       0 |      19 |   0.0 |  1058
           D:5 |       0 |    1252 |   0.0 |       0 |      20 |   0.0 |  1365
           D:6 |       0 |    1514 |   0.0 |       0 |      75 |   0.0 |  2594
           D:7 |       0 |    1009 |   0.0 |       0 |      31 |   0.0 |  1058
           D:8 |       0 |    1187 |   0.0 |       0 |      26 |   0.0 |   726
           D:9 |       0 |    2385 |   0.0 |       0 |      45 |   0.0 |  1200
          D:10 |       0 |    1183 |   0.0 |       0 |      23 |   0.0 |   820
       Ossuary |       0 |     238 |   0.0 |       0 |      16 |   0.0 |   410
               +---------+---------+-------+---------+---------+-------+---------
